 Dungeon Crawl Stone Soup version 0.27-a0-836-gfc908b8576 (webtiles) character file.

Game seed: 17063233194321978502

2272 Lanoc the Cleaver (level 9, 0/82 HPs)
             Began as a Deep Dwarf Delver on Apr 1, 2021.
             Was a Believer of Ashenzari.
             Slain by an ice beast (8 damage)
             ... on level 7 of the Dungeon.
             The game lasted 00:12:58 (3707 turns).

Lanoc the Cleaver (Deep Dwarf Delver)               Turns: 3707, Time: 00:12:58

Health: 0/82       AC:  8    Str: 16    XL:     9   Next: 16%
Magic:  9/9 (0)    EV: 13    Int: 11    God:    Ashenzari [**....]
Gold:   16         SH:  7    Dex: 17    Spells: 8/8 levels left

rFire    . . .     SeeInvis +   a - +0 hand axe of Supernal Knowledge {Alch, Bglg} (curse)
rCold    . . .     Faith    .   u - +0 kite shield
rNeg     . . .     Spirit   .   w - +0 acid dragon scales
rPois    .         Reflect  .   r - +2 hat of the Esoteric Adversity {Comp, Cun} (curse)
rElec    .         Harm     .   (no cloak)
rCorr    +         Rampage  .   (no gloves)
Will     +....                  (no boots)
Stlth    +++.......             (no amulet)
HPRegen  0.00/turn              t - ring of Apeoromancy {MP+9, Fort, Bglg} (curse)
MPRegen  0.11/turn              (no ring)

@: non-regenerating
A: damage resistance, heal wounds, sense surroundings 2, no regeneration
a: Heal Wounds, Renounce Religion, Shatter the Chains


You were on level 7 of the Dungeon.
You worshipped Ashenzari.
Ashenzari was pleased with you.
You visited 2 branches of the dungeon, and saw 6 of its levels.
You also visited: Sewer.

You collected 196 gold pieces.
You spent 180 gold pieces at shops.

Inventory:

Hand Weapons
 a - the cursed +0 hand axe of Supernal Knowledge (weapon) {Alch, Bglg}

   It has a curse which improves the following skills: Alchemy: Poison Magic and
   Transmutations.
   Beguiling: Conjurations, Hexes and Translocations.
 s - a +0 war axe
Missiles
 j - 3 datura-tipped darts (quivered)
Armour
 r - the cursed +2 hat of the Esoteric Adversity (worn) {Comp, Cun}
   (You found it on level 5 of the Dungeon)

   It has a curse which improves the following skills: Companions: Summonings
   and Necromancy.
   Cunning:   Dodging and Stealth.
 u - a +0 kite shield (worn)
 w - +0 acid dragon scales (worn)
Jewellery
 b - a ring of willpower
 t - the cursed ring of Apeoromancy (left hand) {MP+9, Fort, Bglg}
   (You found it on level 6 of the Dungeon)

   [ring of magical power]

   It affects your magic capacity (+9).
   It has a curse which improves the following skills: Fortitude: Armour and
   Shields.
   Beguiling: Conjurations, Hexes and Translocations.
Wands
 g - a wand of digging (3)
Scrolls
 c - 3 scrolls of fog
 d - 2 scrolls of magic mapping
 i - 6 scrolls of teleportation
 o - 2 scrolls of amnesia
 p - 2 scrolls of enchant armour
Potions
 e - a potion of heal wounds
 f - 2 potions of haste
 h - 2 potions of magic
 k - 2 potions of might
 l - a potion of flight
 m - a potion of brilliance
 n - a potion of mutation
 q - 2 potions of resistance
 v - 2 potions of curing


   Skills:
 + Level 6.2 Fighting
 * Level 9.7 Axes
 + Level 7.0(8.5) Dodging
 - Level 6.0(7.5) Stealth


You had 8 spell levels left.
You didn't know any spells.
Your spell library contained the following spells:

 Spells                   Type           Power      Damage    Failure   Level
 Beastly Appendage        Tmut           0%         N/A       97%         1
 Wereblood                Tmut           0%         N/A       99%         2
 Spider Form              Tmut/Pois      0%         N/A       100%        3
 Ice Form                 Ice/Tmut       0%         N/A       100%        4
 Hydra Form               Tmut           0%         N/A       100%        5


Dungeon Overview and Level Annotations

Branches:
Dungeon (7/15)             Temple (1/1) D:7           Sewer (visited)

Altars:
Ashenzari
Gozag
Hepliaklqana
Kikubaaqudgha
Makhleb
Nemelex Xobeh
Okawaru
Trog
Vehumet
Wu Jian
Zin
The Shining One

Shops:
D:4 (

Annotations:
D:7 2 transporters, nago's ghost, journeyman DjEE


Innate Abilities, Weirdness & Mutations

You are resistant to damage.
You can heal yourself by infusing magical energy.
You passively map the area around you.
You do not regenerate.


Message History

The ice beast is moderately wounded.
The ice beast hits you. The ice beast freezes you!
* * * LOW HITPOINT WARNING * * *
You hit the ice beast.
The ice beast is heavily wounded.
You block the ice beast's attack.
You hit the ice beast but do no damage.
The ice beast is heavily wounded.
You block the ice beast's attack.
You feel much better. The ice beast barely misses you.
You hit the ice beast.
The ice beast is heavily wounded.
The ice beast hits you but does no damage.
You slash the ice beast!
The ice beast is almost dead.
The ice beast hits you but does no damage.
You closely miss the ice beast.
The ice beast is almost dead.
The ice beast hits you. The ice beast freezes you!
* * * LOW HITPOINT WARNING * * *
Your shield prevents you from hitting the ice beast.
The ice beast is almost dead.
The ice beast misses you. The ice beast barely misses you.
You barely miss the ice beast.
The ice beast is almost dead.
The ice beast barely misses you.
You hit the ice beast but do no damage.
The ice beast is almost dead.
The ice beast misses you.
You hit the ice beast but do no damage.
The ice beast is almost dead.
The ice beast hits you. The ice beast freezes you!
* * * LOW HITPOINT WARNING * * *
You hit the ice beast but do no damage.
The ice beast is almost dead.
The ice beast barely misses you.
You barely miss the ice beast.
The ice beast is almost dead.
The ice beast hits you. The ice beast freezes you!
You die...

* ### * * ##. , ..# *
..* ** #.# *, * #.###
#.# *
####.#.#####.####.#
............@Y...#, ,
**###.....###.####.#*
,* #....## #.# , ,
#####.#.#####.# , .*
..............# * .
*#######.####### ,,
.# ##'## ,,** .#
##...## * , * ,* .###
##.....## , ,


You could see an ice beast.

Vanquished Creatures
  Pikel (D:6)
  Maggie (D:7)
  Grinder (D:3)
  A water moccasin (D:6)
  An ogre (D:5)
  2 centaurs
  A phantom (D:4)
  A gnoll sergeant (D:6)
  2 scorpions
  A bullfrog zombie (D:5)
  A centaur skeleton (D:4)
  A gnoll shaman (D:3)
  3 hounds
  A jelly (D:6)
  An orc priest (D:5)
  6 iguanas
  A scorpion zombie (D:4)
  3 orc wizards
  A killer bee zombie (D:5)
  A howler monkey zombie (D:5)
  9 gnolls
  8 adders
  A shadow imp (D:5)
  An adder skeleton (D:4)
  2 dart slugs
  19 orcs
  3 endoplasms
  4 giant cockroaches
  A hobgoblin (D:3)
  9 jackals
  2 quokkas (D:3)
  7 ball pythons
  2 bats (D:3)
  2 frilled lizards
  A goblin (D:4)
  9 kobolds
  A rat (D:3)
112 creatures vanquished.

Vanquished Creatures (others)
  28 plants (Sewer)
28 creatures vanquished.

Grand Total: 140 creatures vanquished

Notes
Turn   | Place    | Note
-------+----------+-------------------------------------------
     0 | D:5      | Lanoc the Deep Dwarf Delver began the quest for the Orb.
     0 | D:5      | Reached XP level 1. HP: 20/20 MP: 1/1
    19 | D:5      | Noticed an ogre
    97 | D:5      | Noticed an iguana
    99 | D:5      | Found a broken altar of Ashenzari.
   133 | D:5      | Reached XP level 2. HP: 17/27 MP: 2/2
   148 | D:5      | Found an opulent altar of Gozag.
   152 | D:5      | Became a worshipper of Ashenzari the Shackled
   156 | D:5      | HP: 1/27 [iguana (8)]
   169 | D:4      | Reached skill level 3 in Axes
   169 | D:4      | Reached XP level 3. HP: 20/34 MP: 3/3
   186 | D:4      | Reached XP level 4. HP: 25/42 MP: 4/4
   214 | D:4      | Reached skill level 4 in Axes
   219 | D:4      | Noticed a phantom
   243 | D:4      | Killed a phantom
   244 | D:4      | Reached XP level 5. HP: 38/49 MP: 4/4
   263 | D:4      | Found a glowing drain.
   320 | Sewer    | Entered a sewer
   586 | Sewer    | Reached skill level 5 in Axes
  1289 | D:3      | Reached XP level 6. HP: 56/57 MP: 4/4
  1495 | D:3      | Noticed Grinder
  1513 | D:3      | Paralysed by Grinder for 2 turns
  1530 | D:3      | Killed Grinder
  1531 | D:3      | Reached skill level 6 in Axes
  1552 | D:3      | Reached XP level 7. HP: 25/64 MP: 5/5
  2194 | D:4      | Found Ojeiv's Antique Weapon Shoppe.
  2373 | D:5      | Reached skill level 5 in Dodging
  2458 | D:5      | Reached skill level 7 in Axes
  2505 | D:5      | Reached * piety under Ashenzari
  2646 | D:5      | Reached skill level 5 in Fighting
  2646 | D:5      | Reached XP level 8. HP: 33/74 MP: 4/4
  3075 | D:6      | Reached skill level 8 in Axes
  3139 | D:6      | Reached ** piety under Ashenzari
  3205 | D:6      | Noticed Pikel
  3239 | D:6      | Killed Pikel
  3240 | D:6      | Reached skill level 9 in Axes
  3240 | D:6      | Gained mutation: You passively map the area around you.
                  | [Deep Dwarf growth]
  3240 | D:6      | Reached XP level 9. HP: 25/82 MP: 1/1
  3496 | D:7      | Found an iron altar of Okawaru.
  3567 | D:7      | Found a staircase to the Ecumenical Temple.
  3574 | Temple   | Entered the Ecumenical Temple
  3583 | D:7      | Noticed Maggie
  3603 | D:7      | Killed Maggie
  3630 | D:7      | Found Zin's Purification Station.
  3633 | D:7      | Found a glowing silver altar of Zin.
  3634 | D:7      | Found a transporter.
  3636 | D:7      | Bought 2 potions of curing for 180 gold pieces
  3637 | D:7      | Noticed nago's ghost (journeyman DjEE)
  3640 | D:7      | Found a transporter.
  3707 | D:7      | Slain by an ice beast

Illustrated notes

Levels and vault maps discovered:
D:3:      layout_loops_ring, uniq_grinder
D:4:      layout_rooms, gup_sewer_entry_glass, serial_shops,
          nicolae_shop_overgrown_old_shop
D:5:      layout_basic, chequers_temple_overflow_statue_of_worship
D:6:      layout_rooms, uniq_pikel
D:7:      layout_loops_corners, okawaru_metal_pillars_1_2, zin_purify,
          minmay_temple_entry_hall, gammafunk_ghost_arena, uniq_maggie
Temple:   nicolae_temple_x_marks_the_god

Skill      XL: |  1  2  3  4  5  6  7  8  9 |
---------------+----------------------------+-----
Fighting       | 3 4 5 6 |  6.2
Axes           | 3 4 5 6 7 9 |  9.7
Dodging        | 3 4 5 6 7 |  7.0
Stealth        | |  6.0

Action                   |  1- 3 |  4- 6 |  7- 9 || total
-------------------------+-------+-------+-------++-------
Melee: Hand axe          |    38 |   242 |   361 ||   641
Invok: Curse Item        |       |     1 |     3 ||     4
       Shatter the Chain |       |       |     1 ||     1
 Abil: Heal Wounds       |     2 |     9 |    17 ||    28
  Use: Scroll            |     1 |       |       ||     1
       Potion            |       |       |     8 ||     8
 Stab: Sleeping          |       |     5 |     7 ||    12
Armor: Leather armour    |    11 |    47 |    40 ||    98
       Scale mail        |       |       |    30 ||    30
       Acid dragon scale |       |       |     4 ||     4
Dodge: Dodged            |    39 |   174 |   263 ||   476
Block: Kite shield       |       |       |    37 ||    37

Table legend: (Time is in decaauts)
 A = Elapsed time spent in this place.
 B = Non-inter-level travel time spent in this place.
 C = Inter-level travel time spent in this place.
 D = Time resting spent in this place.
 E = Time spent auto-exploring this place.
 F = Levels seen in this place.
 G = Mean time per level.
                   A        B        C        D        E       F      G
               +--------+--------+--------+--------+--------+-----+--------+
         Total |   3935 |   3842 |     93 |      3 |   2357 |   7 |  562.1 |
       Dungeon |   2967 |   2874 |     93 |      3 |   1790 |   5 |  593.4 |
        Temple |      1 |      1 |      0 |      0 |      0 |   1 |    1.0 |
         Sewer |    966 |    966 |      0 |      0 |    566 |   1 |  966.0 |
               +--------+--------+--------+--------+--------+-----+--------+

Top non-repeatable levels by time:
   Sewer: 966 daAuts
     D:3: 867 daAuts
     D:5: 796 daAuts
     D:6: 558 daAuts
     D:4: 509 daAuts
     D:7: 234 daAuts
  Temple: 1 daAuts
